 Dungeon Crawl Stone Soup version 0.24.0-13-gcf9b3192b9 (webtiles) character file.

Game seed: 9126928716293670700, levelgen mode: deterministic

66 Mrkan the Chucker (level 3, 0/36 HPs)
             Began as a Troll Hunter on Nov 5, 2019.
             Slain by a shadow imp (2 damage)
             ... summoned by Natasha
             ... on level 2 of the Dungeon.
             The game lasted 00:01:47 (1069 turns).

Mrkan the Chucker (Troll Hunter)                    Turns: 1069, Time: 00:01:48

Health: 0/36       AC:  6    Str: 20    XL:     3   Next: 96%
Magic:  2/2        EV: 10    Int:  8    God:
Gold:   88         SH:  0    Dex: 10    Spells: 2/2 levels left

rFire    . . .     SeeInvis .     - Unarmed
rCold    . . .     Gourm    +   (no shield)
rNeg     . . .     Faith    .   b - +0 robe
rPois    .         Spirit   .   (helmet restricted)
rElec    .         Reflect  .   (no cloak)
rCorr    .         Harm     .   (gloves unavailable)
MR       .....                  (boots unavailable)
Stlth    +.........             (no amulet)
HPRegen  0.52/turn              (no ring)
MPRegen  0.08/turn              (no ring)

@: no status effects
A: large, unfitting armour, claws 3, fast metabolism 3, gourmand, regeneration
1, shaggy fur 1, tough skin 3
a: no special abilities


You were on level 2 of the Dungeon.
You were not hungry.

You visited 1 branch of the dungeon, and saw 2 of its levels.

You collected 88 gold pieces.

Inventory:

Missiles
 c - 5 large rocks (quivered)
 d - 2 throwing nets
Armour
 b - a +0 robe (worn)
Scrolls
 a - 2 scrolls of fog {unknown}
 h - a scroll of fear {unknown}
 i - 3 scrolls of identify {unknown}
 k - a scroll of remove curse {unknown}
Potions
 e - a potion of magic {unknown}
 g - 3 potions of curing {unknown}
 j - a potion of cancellation {unknown}
 l - 2 potions of berserk rage {unknown}
Comestibles
 f - 4 rations


   Skills:
 + Level 2.3 Fighting
 - Level 3.6 Throwing
 - Level 1.5 Dodging
 - Level 0.3 Stealth
 * Level 2.9 Unarmed Combat


You had 2 spell levels left.
You didn't know any spells.
Your spell library was empty.

Dungeon Overview and Level Annotations

Branches:
Dungeon (2/15)

Altars:

Annotations:
D:2 Natasha


Innate Abilities, Weirdness & Mutations

You are too large for most types of armour.
You have claws for hands.
Your metabolism is lightning-fast.
You like to eat raw meat.
Your natural rate of healing is unusually fast.
You are covered in fur. (AC +1)
You have extremely tough skin. (AC +3)


Message History

The shadow imp hits you but does no damage.
Natasha claws you.
* * * LOW HITPOINT WARNING * * *
You scratch Natasha.
Natasha is severely wounded.
The shadow imp hits you.
* * * LOW HITPOINT WARNING * * *
Natasha barely misses you.
You closely miss Natasha.
Natasha is severely wounded.
The shadow imp misses you. Natasha claws you.
* * * LOW HITPOINT WARNING * * *
You barely miss Natasha.
Natasha is severely wounded.
The shadow imp barely misses you. Natasha claws you.
* * * LOW HITPOINT WARNING * * *
You scratch Natasha.
Natasha is almost dead.
The shadow imp hits you.
You die...

## #......###### .#
#......##...#
.###......##...#####
..†........# ......#
..########.###.....#
...................+
#.#.....##.###.....#
..#..≈≈. #.# #...5.#
##..≈⌠.. #.. #).@..#
..≈≈.. ##+ #.h...#
...... ........# ..#
.....##...# .....
#.#.# ..... #.#.#
..... ..#.# #######
##. ###.# ......#


You could see Natasha and a shadow imp.

Vanquished Creatures
  An iguana (D:2)
  An adder (D:2)
  An ooze (D:1)
  3 giant cockroaches
  A goblin (D:1)
  4 hobgoblins
  6 bats
  A frilled lizard (D:1)
  7 kobolds
  3 rats (D:1)
28 creatures vanquished.

Notes
Turn   | Place    | Note
-------+----------+-------------------------------------------
     0 | D:1      | Mrkan the Troll Hunter began the quest for the Orb.
     0 | D:1      | Reached XP level 1. HP: 19/19 MP: 0/0
    80 | D:1      | Reached skill level 1 in Unarmed Combat
    91 | D:1      | Reached XP level 2. HP: 27/28 MP: 1/1
   951 | D:2      | Reached XP level 3. HP: 34/35 MP: 2/2
  1054 | D:2      | Noticed Natasha
  1069 | D:2      | Slain by a shadow imp

Levels and vault maps discovered:
D:1:      ebering_trefoil_3fold, layout_basic
D:2:      wad_river_or_something, layout_basic, chequers_garden,
          corexii_leaking_fountain, uniq_natasha

Skill      XL: |  1  2 |
---------------+-------+-----
Unarmed Combat | 1 2 |  2.9
Fighting       | 2 |  2.3
Throwing       | |  3.6
Dodging        | |  1.5
Stealth        | |  0.3

Action                   || total
-------------------------++-------
Melee: Short sword       ||    36
       Unarmed           ||    54
 Stab: Sleeping          ||     2
  Eat: Chunk             ||     4
       Ration            ||     1
Armor: Robe              ||    52
Dodge: Dodged            ||    64
